 Dungeon Crawl Stone Soup version 0.20.1-1-g8b1a95d (webtiles) character file.

99 seb29deBrest the Conjurer (level 4, -2/27 HPs)
             Began as an Octopode Conjurer on Nov 10, 2017.
             Was an Initiate of Nemelex Xobeh.
             Slain by Sigmund
             ... wielding a +0 scythe
              (11 damage)
             ... on level 3 of the Dungeon.
             The game lasted 00:19:36 (2394 turns).

seb29deBrest the Conjurer (Octopode Conjurer)       Turns: 2394, Time: 00:19:37

Health: -2/27      AC:  1    Str:  7    XL:     4   Next: 72%
Magic:  3/8        EV: 13    Int: 18    God:    Nemelex Xobeh [......]
Gold:   82         SH:  0    Dex: 12    Spells: 2/8 levels left

rFire    . . .     SeeInvis .   m - +0 hand axe (venom)
rCold    . . .     Gourm    .   (no shield)
rNeg     . . .     Faith    .   (helmet restricted)
rPois    .         Spirit   .   (no amulet)
rElec    .         Reflect  .   (no ring)
rCorr    .         Harm     .   (no ring)
MR       .....                  (no ring)
Stlth    +++.......             (no ring)
Regen    0.1/turn               (no ring)
MPRegen  0.2/turn               (no ring)
                                (no ring)
                                (no ring)

@: no status effects
A: almost no armour, stealthy swim, amphibious, 8 rings, constrict 8, camouflage
1, gelatinous body 1
a: Renounce Religion


You were on level 3 of the Dungeon.
You worshipped Nemelex Xobeh.
Nemelex Xobeh was noncommittal.
You were not hungry.

You visited 1 branch of the dungeon, and saw 3 of its levels.

You collected 82 gold pieces.

Inventory:

Hand Weapons
 c - a cursed -1 short sword
 m - a +0 hand axe of venom (weapon)
Missiles
 e - 21 sling bullets
 j - 37 stones (quivered)
 n - 24 bolts
Armour
 q - a +0 buckler
Wands
 t - a wand of iceblast (9/15)
Scrolls
 d - 3 scrolls of teleportation
 f - a scroll of enchant weapon {unknown}
 k - a scroll of random uselessness {unknown}
 l - a scroll of noise {unknown}
 o - 2 scrolls of remove curse
 p - 2 scrolls of enchant armour {unknown}
 u - a scroll of identify
Potions
 g - a potion of heal wounds
 i - a potion of agility {unknown}
 s - a potion of might {unknown}
Books
 a - a book of Conjurations

   Spells                             Type                      Level
   a - Magic Dart                     Conjuration                  1
   b - Searing Ray                    Conjuration                  2
   c - Dazzling Spray                 Conjuration/Hexes            3
   d - Fulminant Prism                Conjuration/Hexes            4
   e - Force Lance                    Conjuration/Translocation    4
   f - Iskenderun's Mystic Blast      Conjuration                  4
Miscellaneous
 r - a plain deck of destruction
Comestibles
 b - 4 bread rations
 h - 3 meat rations


   Skills:
 + Level 0.2 Axes
 + Level 2.3 Dodging
 + Level 2.9 Stealth
 + Level 0.4 Unarmed Combat
 * Level 2.9 Spellcasting
 + Level 5.1 Conjurations


You had 2 spell levels left.
You knew the following spells:

 Your Spells              Type           Power        Failure   Level  Hunger
a - Magic Dart            Conj           ###.         1%          1    None
b - Searing Ray           Conj           ###...       3%          2    ##.....
c - Dazzling Spray        Conj/Hex       ##....       17%         3    ###....


Dungeon Overview and Level Annotations

Branches:
Dungeon (3/15)

Altars:
Nemelex Xobeh

Annotations:
D:3 Sigmund


Innate Abilities, Weirdness & Mutations

You cannot wear most types of armour.
You are very stealthy in the water. (Stealth+)
You are amphibious.
You can wear up to eight rings at the same time.
You can use your tentacles to constrict eight enemies at once.
Your skin changes colour to match your surroundings (Stealth+).
Your rubbery body absorbs attacks. (AC +1, EV +1)


Message History

You finish channeling your searing ray.
Sigmund says, "Don't worry, I'll kill you fast."
Sigmund hits you from afar with a scythe.
Sigmund hits you from afar with a scythe.
The quokka closely misses you. The quokka closely misses you.
You barely miss the quokka. Your grab misses the quokka.
Your squeeze misses the quokka. The quokka misses you.
Sigmund hits you from afar with a scythe!
* * * LOW HITPOINT WARNING * * *
You barely miss the quokka. You grab the quokka. You constrict the quokka.
The quokka barely misses you. The quokka misses you.
Sigmund casts a spell.
Sigmund flickers and vanishes!
You hit the quokka.
The quokka is poisoned.
You squeeze the quokka, but do no damage.
The quokka is heavily wounded.
You constrict the quokka. The quokka barely misses you. Something hits you!
You die...
Your body disappears without a glow.

#######.####### #.##
.......<....... #..#
#.#####.######## #..#
#........# #..#
##########.#######..###
##[....#...............#
.......+..#..###.##..#.#
#.....{#.##..##.>##..#.#
.......r@............#.#
#..#...###...............#.#
#{.#...# #.#..........####.#
...#...###.#..##...........#
.......##..#...........#####
####.............##.....[...#
#. ...................#.#.#.#
.#.##................#.#.#...#
..............##..##.#.#######


You could see a quokka.

Vanquished Creatures
  Jessica (D:2)
  A gnoll (D:1)
  2 adders (D:2)
  2 dart slugs
  2 leopard geckos (D:1)
  An orc (D:3)
  7 goblins
  4 hobgoblins
  A jackal (D:3)
  A quokka (D:2)
  A ball python (D:3)
  6 bats
  2 frilled lizards (D:1)
  3 kobolds (D:1)
  7 rats
41 creatures vanquished.

Notes
Turn   | Place    | Note
-------+----------+-------------------------------------------
     0 | D:1      | seb29deBrest the Octopode Conjurer began the quest for the Orb.
     0 | D:1      | Reached XP level 1. HP: 11/11 MP: 3/3
    56 | D:1      | Reached XP level 2. HP: 17/17 MP: 0/5
   407 | D:1      | Learned a level 2 spell: Searing Ray
   543 | D:1      | Reached XP level 3. HP: 21/21 MP: 2/6
   887 | D:2      | Noticed Jessica
  1111 | D:2      | Killed Jessica
  1111 | D:2      | Reached skill level 5 in Conjurations
  1111 | D:2      | Reached XP level 4. HP: 27/27 MP: 4/7
  1198 | D:2      | Found a sparkling altar of Nemelex Xobeh.
  1215 | D:2      | Became a worshipper of Nemelex Xobeh the Trickster
  1279 | D:2      | Received a gift from Nemelex Xobeh
  1348 | D:2      | Learned a level 3 spell: Dazzling Spray
  1617 | D:3      | Noticed Sigmund
  2164 | D:3      | Noticed an ogre
  2394 | D:3      | Slain by Sigmund

Skill      XL: |  1  2  3 |
---------------+----------+-----
Conjurations   | 5 |  5.1
Axes           | |  0.2
Dodging        | |  2.3
Stealth        | |  2.9
Unarmed Combat | |  0.4
Spellcasting   | |  2.9

Action                   |  1- 3 |  4- 6 || total
-------------------------+-------+-------++-------
Melee: Unarmed           |    24 |       ||    24
       Tentacles         |     6 |     5 ||    11
       Constrict         |    10 |     8 ||    18
       Hand axe          |    13 |    33 ||    46
 Cast: Magic Dart        |    31 |     6 ||    37
       Searing Ray       |     2 |     2 ||     4
       Dazzling Spray    |       |     1 ||     1
  Use: Scroll            |     2 |     1 ||     3
       Potion            |       |     1 ||     1
 Stab: Sleeping          |     2 |     2 ||     4
  Eat: Meat ration       |       |     1 ||     1
       Chunk             |       |     1 ||     1
Armor: Skin              |     6 |     2 ||     8
Dodge: Dodged            |    33 |    26 ||    59
